AoeStats
← Bioshock

Lombardia

508998610Analyzed
4v4 RM · 8d ago on Sep 25, 2026· 52m 43s· 8 players
Game mode
Random Map
Map size
Large (8 player)
Population
200
Speed
Normal
Resources
Standard
Victory
Conquest
Starting age
Dark Age
Ending age
Imperial Age
RankedLock teamsTeams togetherTeam positionsShared explorationLock speedFull tech treeHidden civsTurbo modeCheats
Victory
Defeat
🇵🇹 Magyars · Portugal
1284
+13
🇲🇽 Britons · Mexico
1260
+14
🇨🇴 Slavs · Colombia
1249
+14
🇺🇸 Lithuanians · United States
1191
+17
🇦🇷 Persians · Argentina
1389
-22
🇨🇳 Mongols · China
1197
-14
🇦🇷 Ethiopians · Argentina
1137
-11
🇦🇷 Franks · Argentina
1128
-11
Pororoca
6:53 Loom
9:40 Feudal Age
11:44 Double-Bit Axe
16:16 Scale Barding Armor
18:02 Forging
23:01 Castle Age
21:48 Bloodlines
22:06 Horse Collar
22:34 Gold Mining
27:42 Husbandry
29:23 Chain Barding Armor
30:23 Gold Shaft Mining
29:35 Town Watch
30:25 Wheelbarrow
30:44 Iron Casting
31:20 Wheelbarrow
41:50 Heavy Plow
44:28 Imperial Age
44:20 Cavalier
45:42 Plate Barding Armor
47:05 Conscription
46:29 Heavy Camel Rider
NadiaLaCachorra
8:35 Loom
10:48 Feudal Age
11:16 Double-Bit Axe
16:09 Fletching
21:56 Padded Archer Armor
30:14 Castle Age
30:12 Gold Mining
30:17 Crossbowman
30:53 Bodkin Arrow
35:36 Leather Archer Armor
38:17 Bow Saw
39:06 Ballistics
40:12 Thumb Ring
50:54 Imperial Age
49:01 Wheelbarrow
50:59 Arbalester
51:41 Bracer
53:31 Chemistry
我大E了,没有闪
Bioshock
6:33 Loom
9:36 Feudal Age
15:33 Scale Barding Armor
15:21 Double-Bit Axe
18:24 Forging
22:23 Castle Age
20:38 Fletching
24:48 Husbandry
26:57 Iron Casting
27:22 Bow Saw
27:05 Gold Mining
27:56 Wheelbarrow
28:03 Chain Barding Armor
29:28 Gold Shaft Mining
30:35 Bodkin Arrow
42:27 Hand Cart
44:49 Imperial Age
44:52 Cavalier
46:10 Plate Barding Armor
46:36 Blast Furnace
46:47 Chemistry
45:50 Capped Ram
49:33 Town Watch
49:31 Paladin
batbeetch
7:28 Loom
9:21 Feudal Age
10:27 Double-Bit Axe
13:16 Padded Archer Armor
13:06 Fletching
13:54 Horse Collar
19:51 Wheelbarrow
24:08 Castle Age
25:11 Bodkin Arrow
25:32 Leather Archer Armor
25:19 Husbandry
26:08 Bow Saw
25:50 Gold Mining
26:55 Pikeman
30:47 Town Watch
35:42 Gold Shaft Mining
34:58 Stone Mining
36:07 Hand Cart
37:12 Ballistics
37:21 Heavy Plow
38:11 Crossbowman
46:26 Imperial Age
46:55 Coinage
47:42 Conscription
47:46 Yeomen
47:27 Warwolf
48:26 Bracer
48:56 Ring Archer Armor
49:28 Chemistry
48:16 Treadmill Crane
48:42 Siege Engineers
48:47 Masonry
51:25 Two-Man Saw
51:37 Elite Longbowman
Speed_of_Anarchy
7:38 Loom
9:30 Feudal Age
10:25 Double-Bit Axe
10:30 Horse Collar
15:33 Wheelbarrow
16:19 Forging
22:20 Town Watch
26:03 Castle Age
25:31 Bloodlines
26:30 Scale Barding Armor
27:42 Iron Casting
28:44 Heavy Plow
28:55 Bow Saw
29:49 Hand Cart
29:35 Town Patrol
30:38 Chain Barding Armor
30:36 Husbandry
35:18 Gold Mining
37:03 Stone Mining
37:25 Light Cavalry
44:25 Fletching
50:35 Imperial Age
50:45 Cavalier
52:02 Plate Barding Armor
50:55 Winged Hussar
Flower
4:18 Loom
12:35 Feudal Age
16:08 Double-Bit Axe
19:47 Castle Age
18:24 Scale Mail Armor
18:39 Forging
19:26 Bloodlines
24:55 Horse Collar
26:14 Heavy Plow
28:13 Wheelbarrow
28:35 Husbandry
30:10 Scale Barding Armor
30:58 Iron Casting
30:37 Gold Mining
31:46 Chain Barding Armor
31:36 Stone Mining
32:52 Hand Cart
32:39 Town Watch
34:10 Gold Shaft Mining
34:52 Sanctity
34:54 Bow Saw
34:13 Man-at-Arms
34:54 Squires
34:15 Pikeman
38:04 Imperial Age
35:50 Scale Mail Armor
35:42 Fletching
35:54 Detinets
35:23 Light Cavalry
35:50 Long Swordsman
37:06 Town Patrol
37:24 Chain Mail Armor
38:04 Capped Ram
38:12 Halberdier
38:34 Two-Handed Swordsman
41:09 Crop Rotation
41:27 Conscription
41:33 Masonry
42:48 Plate Mail Armor
43:19 Blast Furnace
42:21 Champion
45:08 Onager
46:27 Hoardings
46:30 Siege Ram
48:24 Druzhina
48:42 Siege Engineers
49:38 Chemistry
49:12 Siege Onager
50:41 Elite Boyar
53:50 Two-Man Saw
1of4kind
6:11 Loom
8:58 Feudal Age
11:05 Double-Bit Axe
12:18 Scale Barding Armor
16:08 Bloodlines
17:56 Horse Collar
18:07 Gold Mining
23:44 Castle Age
23:52 Light Cavalry
24:42 Husbandry
25:13 Chain Barding Armor
30:55 Wheelbarrow
30:05 Town Watch
35:29 Town Watch
39:55 Imperial Age
38:31 Hand Cart
38:32 Bow Saw
38:23 Heavy Plow
38:15 Stone Mining
40:32 Gold Shaft Mining
39:48 Fletching
41:08 Crop Rotation
40:14 Cavalier
41:37 Plate Barding Armor
41:36 Paladin
43:08 Crop Rotation
43:13 Gold Shaft Mining
43:26 Conscription
44:27 Two-Man Saw
45:40 Bodkin Arrow
49:24 Hussar
51:47 Town Patrol
Connection lost

Rejoining the realm…

Still unreachable

The connection could not be restored.

Session expired

The server has moved on; the page needs a fresh start.